 Dungeon Crawl Stone Soup version 0.29.1-12-g30fa7ad0bf (webtiles) character file.

Game seed: 7943797542219527341

42 GeoRichter the Firebug (level 3, -9/19 HPs)
             Began as a Gargoyle Fire Elementalist on Dec 27, 2022.
             Killed from afar by an orc (12 damage)
             ... with a puff of flame
             ... on level 3 of the Dungeon.
             The game lasted 00:03:24 (1945 turns).

GeoRichter the Firebug (Gargoyle Fire Elementalist) Turns: 1945, Time: 00:03:25

Health: -9/19      AC:  5    Str: 11    XL:     3   Next: 56%
Magic:  0/6        EV: 11    Int: 17    God:
Gold:   78         SH:  3    Dex: 16    Spells: 3/6 levels left

rFire   . . .      SeeInvis .   m - +2 dagger (drain)
rCold   . . .      Faith    .   k - +0 buckler
rNeg    + . .      Spirit   .   a - +0 robe
rPois   ∞          Reflect  .   (no helmet)
rElec   +          Harm     .   (no cloak)
rCorr   .          Rampage  .   (no gloves)
Will    .....                   (no boots)
Stlth   ++........              (no amulet)
HPRegen 0.06/turn               e - +6 ring of dexterity
MPRegen 0.10/turn               (no ring)

@: no status effects
A: sickness immunity, AC +3, negative energy resistance 1, electricity
resistance, torment resistance 1, petrification resistance
a: no special abilities


You were on level 3 of the Dungeon.
You visited 1 branch of the dungeon, and saw 3 of its levels.

You collected 78 gold pieces.

Inventory:

Hand Weapons
 m - a +2 dagger of draining (weapon)
   (You took it off a goblin on level 2 of the Dungeon)
Armour
 a - a +0 robe (worn)
 k - a +0 buckler (worn)
   (You found it on level 1 of the Dungeon)
Jewellery
 e - a +6 ring of dexterity (left hand)
   (You found it on level 1 of the Dungeon)
Scrolls
 c - a scroll of silence {unknown}
 f - a scroll of identify {unknown}
 g - 3 scrolls of teleportation {unknown}
 h - 2 scrolls of enchant weapon {unknown}
 l - a scroll of amnesia {unknown}
 o - a scroll of magic mapping {unknown}
Potions
 b - a potion of magic
 d - a potion of mutation {unknown}
 i - a potion of cancellation {unknown}
 j - 3 potions of curing {@q1}
 n - a potion of berserk rage {unknown}


   Skills:
 - Level 1.5 Dodging
 - Level 2.1 Stealth
 + Level 2.4 Spellcasting
 + Level 2.2 Conjurations
 * Level 3.6 Fire Magic


You had 3 spell levels left.
You knew the following spells:

 Your Spells              Type           Power      Damage    Failure   Level
a - Foxfire               Conj/Fire      48%        2x1d6     8%          1
b - Scorch                Fire           28%        2d6       9%          2

Your spell library contained the following spells:

 Spells                   Type           Power      Damage    Failure   Level
 Conjure Flame            Conj/Fire      12%        6-21      22%         3
 Inner Flame              Hex/Fire       8%         N/A       34%         3
 Flame Wave               Conj/Fire      12%        2d6       58%         4
 Summon Forest            Summ/Tloc      1%         N/A       100%        5
 Eringya's Noxious Bog    Tmut/Pois      1%         N/A       100%        6
 Summon Hydra             Summ           1%         N/A       100%        7


Dungeon Overview and Level Annotations

Branches:
Dungeon (3/15) Zot: 16047

Altars:


Innate Abilities, Weirdness & Mutations

You are immune to sickness and miasma.
Your stone body is resilient. (AC +3)
You are immune to poison.
You resist negative energy. (rN+)
You are resistant to electric shocks. (rElec)
You are resistant to unholy torment.
You are immune to petrification.


Message History

Things that are here:
a +0 whip; 7 poisoned darts
Found a whip.
h - 2 scrolls labelled GIWUXT UKECKYPT (gained 1)
You pick up a Fen Folio and begin reading...
You add the spells Summon Forest, Eringya's Noxious Bog and Summon Hydra to your library.
Okay, then.
Unknown command.
Found a sling.
Found 4 gold pieces.
Found an amethyst potion.
You now have 78 gold pieces (gained 4).
j - 3 amethyst potions (gained 1)
Found a stone staircase leading down.
A ball python comes into view.
A ball python is nearby!
A ball python is nearby!
You conjure some foxfire!
You conjure some foxfire!
You conjure some foxfire!
The foxfire hits the ball python.
You kill the ball python!
An orc comes into view. It is wielding a +0 club.
An orc is nearby!
An orc is nearby!
You conjure some foxfire!
The orc shouts!
An orc comes into view.
It is wielding a +0 whip and carrying a wand of flame (10).
You conjure some foxfire!
The foxfire hits the orc. x2
The orc zaps a wand.
The puff of flame hits you!
You conjure some foxfire!
The foxfire hits the orc.
You kill the orc!
The foxfire hits the orc.
A quokka comes into view.
The foxfire hits the orc.
The foxfire hits the orc.
The orc drinks a potion.
The orc is healed!
You conjure some foxfire!
You hit the quokka. You drain the quokka.
The foxfire hits the quokka.
You kill the quokka!
The foxfire hits the orc.
The orc zaps a wand.
The puff of flame hits you!
* * * LOW HITPOINT WARNING * * *
You are too injured to fight recklessly!
You are too injured to fight recklessly!
You conjure some foxfire!
The orc zaps a wand.
The puff of flame hits you!
Ouch! That really hurt!
You die...

..).>.o........# #.#
######. ......####.#####
#.## #....#. .#### #.#
#..# #....#. #o#
##..####....#.
#.######.............
#..##....#..##....##.
######.#..#####...)...##.
#.......v## ##....#.##.
...[.....@)# #.....#....
#####...v..# ##.#.....##.
.........## #)...###..#.
..###......###..### ##...
. ####....#...# #.)#
##..........##########
.......................
########...############
##..# #


You could see an orc (ally target).

Vanquished Creatures
  An adder (D:2)
  A worm (D:2)
  2 orcs (D:3)
  2 endoplasms
  2 giant cockroaches (D:1)
  2 hobgoblins (D:1)
  A quokka (D:3)
  2 ball pythons
  4 bats (D:1)
  A frilled lizard (D:1)
  3 goblins
  6 kobolds
  2 rats (D:1)
29 creatures vanquished.

Vanquished Creatures (others)
  84 foxfires
84 creatures vanquished.

Grand Total: 113 creatures vanquished

Notes
Turn   | Place    | Note
-------+----------+-------------------------------------------
     0 | D:1      | GeoRichter the Gargoyle Fire Elementalist began the quest
                  | for the Orb.
     0 | D:1      | Reached XP level 1. HP: 10/10 MP: 3/3
   373 | D:1      | Reached XP level 2. HP: 9/15 MP: 0/5
   386 | D:1      | Learned a level 2 spell: Scorch
  1120 | D:2      | Reached XP level 3. HP: 15/19 MP: 1/6
  1945 | D:3      | Killed from afar by an orc

Illustrated notes

Levels and vault maps discovered:
D:1:      zaba_arrival_water, layout_basic
D:2:      layout_loops_cross, minmay_misc_feat_rugged
D:3:      layout_rooms, shapermc_ecumenical_altar_mp_highgroup

Skill      XL: |  1  2 |
---------------+-------+-----
Conjurations   | 2 |  2.2
Dodging        | |  1.5
Stealth        | |  2.1
Spellcasting   | |  2.4
Fire Magic     | |  3.6

Action                   || total
-------------------------++-------
Melee: Mace              ||     7
       Club              ||     1
       Unarmed           ||     1
       Dagger            ||     8
 Cast: Foxfire           ||    51
       Scorch            ||     6
 Stab: Sleeping          ||     1
Armor: Robe              ||    10
Dodge: Dodged            ||    12
Block: Buckler           ||     3
